 Dungeon Crawl Stone Soup version 0.30.1-1-g62c8e00024 (webtiles) character file.

Game seed: 7396078264542780165

27 Elmgren the Trooper (level 2, -4/28 HPs)
             Began as a Minotaur Fighter on July 15, 2023.
             Killed from afar by Terence (7 damage)
             ... with a puff of flame
             ... on level 2 of the Dungeon.
             The game lasted 00:02:07 (1309 turns).

Elmgren the Trooper (Minotaur Fighter)              Turns: 1309, Time: 00:02:08

Health: -4/28      AC:  6    Str: 20    XL:     2   Next: 93%
Magic:  1/1        EV:  9    Int:  5    God:
Gold:   44         SH:  4    Dex:  9    Spells: 1/1 levels left

rFire   . . .        a - +0 war axe
rCold   . . .        c - +0 buckler
rNeg    . . .        b - +0 scale mail
rPois   .            (helmet restricted)
rElec   .            (no cloak)
rCorr   .            (no gloves)
SInv    .            (no boots)
Will    .....        (no amulet) Stlth
                     (no ring)
HPRegen 0.24/turn    (no ring)
MPRegen 0.07/turn

%: no passive effects
@: no status effects
A: horns 2, retaliatory headbutt
a: no special abilities


You were on level 2 of the Dungeon.
You visited 1 branch of the dungeon, and saw 2 of its levels.

You collected 44 gold pieces.

Inventory:

Hand Weapons
 a - a +0 war axe (weapon)
Armour
 b - a +0 scale mail (worn)
 c - a +0 buckler (worn)
Jewellery
 i - a ring of flight
Scrolls
 h - a scroll of immolation
Potions
 d - a potion of might
 f - a potion of resistance
 g - a potion of flight


   Skills:
 + Level 4.4 Fighting
 + Level 3.4 Axes
 - Level 3.6 Armour
 - Level 3.6 Shields


You had one spell level left.
You didn't know any spells.
Your spell library contained the following spells:

 Spells                   Type           Power      Damage    Failure   Level
 Kiss of Death            Conj/Necr      0%         2d5       88%         1
 Shock                    Conj/Air       0%         1d3       88%         1
 Confusing Touch          Hex            0%         N/A       99%         3
 Dazzling Flash           Conj/Hex       0%         N/A       99%         3
 Swiftness                Air            0%         N/A       99%         3
 Volatile Blastmotes      Fire/Tloc      0%         2d10      99%         3
 Airstrike                Air            0%         2d(0-16)  100%        4
 Dispel Undead            Necr           0%         3d6       100%        4
 Iskenderun's Mystic Bla  Conj/Tloc      0%         2d3       100%        4
 Starburst                Conj/Fire      0%         6d3       100%        6


Dungeon Overview and Level Annotations

Branches:
Dungeon (2/15) Zot: 10670

Altars:

Shops:
D:1 :

Annotations:
D:2 Terence


Innate Abilities, Weirdness & Mutations

You have a pair of horns on your head.
You reflexively headbutt those who attack you in melee.


Message History

The scroll dissolves into smoke.
It was a scroll of fog.
You start waiting.
Done waiting.
You start waiting.
Done waiting.
You start waiting.
Done waiting.
As you read the scroll labelled YDURECLO GOKHLY, it crumbles to dust.
The air around you briefly surges with heat, but it dissipates.
It was a scroll of immolation.
You start waiting.
Done waiting.
You start waiting.
Done waiting.
You start waiting.
Done waiting.
There is a stone staircase leading down here.
You climb downwards.
There is a stone staircase leading up here.
Terence the Incautious comes into view.
He is wielding a +0 mace and carrying a wand of flame (15).
Terence zaps a wand.
The puff of flame hits you.
You see here a scroll labelled VAEMNE OFROPU.
You take 5 damage, and have 23/28 hp.
Press: ? - help, . - travel You can't see that place.
You block Terence's attack.
You closely miss Terence. You headbutt Terence.
Terence zaps a wand.
The puff of flame hits you.
You take 5 damage, and have 20/28 hp.
You barely miss Terence.
Terence zaps a wand.
The puff of flame hits you!
* * * LOW HITPOINT WARNING * * *
You take 10 damage, and have 10/28 hp.
MASSIVE DAMAGE!!
You hit Terence but do no damage.
Terence zaps a wand.
The puff of flame hits you!
* * * LOW HITPOINT WARNING * * *
You block Terence's attack.
You take 7 damage, and have 3/28 hp.
MASSIVE DAMAGE!!
Terence shouts, "Now you die!"
Terence zaps a wand.
The puff of flame hits you!
You die...

#. #[
####.####
#.......#
#....<..#
###.......#
..........#
###.......#
#....@..#
#......@##
####..#?.#
#.###.....@.
## .##.###
.# # .# .#
.#


You could see Terence.

Vanquished Creatures
  3 ball pythons (D:1)
  2 endoplasms (D:1)
  2 giant cockroaches (D:1)
  4 goblins (D:1)
  4 hobgoblins (D:1)
  A jackal (D:1)
  3 bats (D:1)
  A frilled lizard (D:1)
  A kobold (D:1)
  3 rats (D:1)
24 creatures vanquished.

Notes
Turn   | Place    | Note
-------+----------+-------------------------------------------
     0 | D:1      | Elmgren the Minotaur Fighter began the quest for the Orb.
     0 | D:1      | Reached XP level 1. HP: 19/19 MP: 0/0
   119 | D:1      | Reached skill level 4 in Fighting
   207 | D:1      | Reached XP level 2. HP: 23/27 MP: 1/1
   250 | D:1      | Found Haucuken's Book Boutique.
   250 | D:1      | Noticed a walking earthen tome
   251 | D:1      | Noticed a walking earthen tome
   348 | D:1      | Found a faded altar of an unknown god.
  1297 | D:2      | Noticed Terence
  1309 | D:2      | Killed from afar by Terence

Illustrated notes

Levels and vault maps discovered:
D:1:      amcnicky_arrival_abandoned_market, layout_basic, serial_shops,
          nicolae_shop_mannequins, hellmonk_ecumenical_altar_run_dry,
          minmay_pentomino_v2
D:2:      layout_loops_ring, nicolae_eternal_life, uniq_terence

Skill      XL: |  1 |
---------------+----+-----
Fighting       | 4 |  4.4
Axes           | 3 |  3.4
Armour         | |  3.6
Shields        | |  3.6

Action                     || total
---------------------------++-------
  Melee: War axe           ||    52
         Headbutt          ||     9
    Use: Scroll            ||     5
 Armour: Scale mail        ||    20
  Dodge: Dodged            ||    19
  Block: Buckler           ||    11
